 Dungeon Crawl Stone Soup version 0.25-a0-647-gd602d06 (webtiles) character file.

Game seed: 5384221928898069445, levelgen mode: deterministic

144650 Firecrotchwizard the Executioner (level 16, -22/152 HPs)
             Began as a Minotaur Berserker on Mar 22, 2020.
             Was a High Priest of Trog.
             Killed from afar by Nikola (23 damage)
             ... with a chain lightning
             ... on level 3 of the Spider Nest.
             The game lasted 01:06:48 (26558 turns).

Firecrotchwizard the Executioner (MiBe)            Turns: 26558, Time: 01:06:49

Health: -22/152    AC: 29    Str: 28    XL:     16   Next: 85%
Magic:  15/15      EV: 15    Int: 10    God:    Trog [*****.]
Gold:   2089       SH:  0    Dex: 12    Spells: 15/15 levels left

rFire    . . .     SeeInvis .   L - +7 executioner's axe (vorpal)
rCold    . . .     Gourm    .   (shield currently unavailable)
rNeg     . . .     Faith    .   M - +0 plate armour
rPois    +         Spirit   .   p - +2 hat
rElec    .         Reflect  .   y - +2 cloak
rCorr    .         Harm     .   F - +1 pair of gloves of the Ditch-Digger {Str+3 Int+4}
MR       ++...                  N - +2 pair of boots
Stlth    ..........             O - amulet of regeneration {+regen, !d}
HPRegen  0.75/turn              I - ring of poison resistance {rPois, !d}
MPRegen  0.14/turn              h - ring of protection from magic {MR+, !d}

@: lethally poisoned (-22 -> -23), marked, berserk cooldown, slowed, very slow
A: retaliatory headbutt, horns 2
a: Berserk, Trog's Hand, Brothers in Arms, Renounce Religion


You were on level 3 of the Spider Nest.
You worshipped Trog.
Trog was extremely pleased with you.
You were very hungry.

You visited 4 branches of the dungeon, and saw 26 of its levels.
You also visited: Ice Cave.

You collected 4678 gold pieces.
You spent 2589 gold pieces at shops.

Inventory:

Hand Weapons
 a - the +9 battleaxe of the Blind Eye {vorpal, MR+ SInv}
   (You found it on level 5 of the Dungeon)

   It inflicts extra damage upon your enemies.
   It affects your resistance to hostile enchantments.
   It lets you see invisible.
 L - a +7 vorpal executioner's axe (weapon)
   (Trog gifted it to you on level 2 of the Lair of Beasts)
 W - a +5 antimagic battleaxe
   (Trog gifted it to you on level 6 of the Lair of Beasts)
Missiles
 j - 9 curare-tipped darts
 s - a throwing net {=f, !d}
Armour
 p - a +2 hat (worn)
   (You found it on level 3 of the Dungeon)
 y - a +2 cloak (worn)
   (You found it on level 4 of the Dungeon)
 F - the +1 pair of gloves of the Ditch-Digger (worn) {Str+3 Int+4}
   (You found it on level 3 of the Lair of Beasts)

   It affects your strength (+3).
   It affects your intelligence (+4).
 M - a +0 plate armour (worn)
   (You took it off an orc warrior on level 8 of the Dungeon)
 N - a +2 pair of boots (worn)
   (You found it on level 8 of the Dungeon)
Jewellery
 b - a +4 ring of evasion
   (You found it on level 6 of the Lair of Beasts)
 h - a ring of protection from magic (right hand) {MR+, !d}
   (You found it on level 1 of the Dungeon)
 x - an uncursed ring of protection from cold {rC+, !d}
   (You found it in an ice cave)
 I - a ring of poison resistance (left hand) {rPois, !d}
   (You bought it in a shop on level 13 of the Dungeon)
 K - an uncursed ring of protection from cold {rC+, !d}
   (You found it on level 3 of the Spider Nest)
 O - an amulet of regeneration (around neck) {+regen, !d}
   (You acquired it on level 13 of the Dungeon)
 P - an uncursed ring of resist corrosion
   (You found it on level 10 of the Dungeon)
Wands
 E - a wand of polymorph (16)
   (You found it on level 10 of the Dungeon)
 Q - a wand of digging (18)
   (You took it off an orc on level 13 of the Dungeon)
 V - a wand of iceblast (11)
   (You found it in an ice cave)
 X - a wand of scattershot (4)
   (You found it on level 5 of the Lair of Beasts)
 Z - a wand of acid (9)
   (You bought it in a shop on level 2 of the Orcish Mines)
Scrolls
 g - a scroll of brand weapon
 m - 7 scrolls of magic mapping {!r}
 n - 10 scrolls of remove curse
 o - 4 scrolls of blinking {!r}
 t - 8 scrolls of teleportation
 G - 4 scrolls of fear
 J - 3 scrolls of enchant armour
 Y - 2 scrolls of summoning
Potions
 e - 2 potions of brilliance
 f - 5 potions of haste
 i - 6 potions of berserk rage {!q}
 k - 3 potions of invisibility
 q - 3 potions of heal wounds
 v - 5 potions of degeneration {!q}
 w - 3 potions of flight
 z - 2 potions of cancellation
 B - 3 potions of might
 C - 5 potions of curing
 D - 2 potions of resistance
 H - 5 potions of stabbing
 R - a potion of magic {unknown}
 T - 2 potions of mutation {unknown}
Miscellaneous
 l - a sack of spiders
 r - a fan of gales
   (You found it on level 10 of the Dungeon)
 u - 2 boxes of beasts
 A - a phial of floods
   (You found it on level 12 of the Dungeon)
Comestibles
 c - 44 rations
 d - 5 chunks of flesh {@w0}


   Skills:
 + Level 16.3 Fighting
 * Level 22.8 Axes
 + Level 16.2 Armour
 + Level 15.1 Dodging


You had 15 spell levels left.
You didn't know any spells.
Your spell library was empty.

Dungeon Overview and Level Annotations

Branches:
Dungeon (15/15)            Temple (0/1) D:5            Lair (6/6) D:10
 Shoals (0/4) Lair:3       Spider (3/4) Lair:2        Slime (0/5) Lair:5
    Orc (2/2) D:9             Elf (0/3) Orc:2        Vaults (0/5) D:14
  IceCv (visited)
 Depths: D:15

Altars:
Ashenzari
Fedhas
Gozag
Hepliaklqana
Kikubaaqudgha
Makhleb
Qazlal
Ru
Sif Muna
Uskayaw
Vehumet
Xom
Yredelemnul
Zin
The Shining One
Beogh

Shops:
D:6 *   D:9 !   D:13 :==:   Orc:2 }*[**

Portals:
Abyss: D:13
Trove: D:12 (give +3 shadow dragon scales)

Annotations:
D:2 Jessica
D:7 1 runed translucent door, YayAnonymity's ghost, novice CeHu
D:9 exclusion: statue
D:13 2 transporters, Zypret's ghost, journeyman DrFi
Spider:3 Arachne; Nikola


Innate Abilities, Weirdness & Mutations

You reflexively headbutt those who attack you in melee.
You have a pair of horns on your head.


Message History

You feel sick.
Things that are here:
a +2 lajatang of speed; a +0 robe; a redback corpse You take 1 damage, and have 159/228 hp.
You feel a strong urge to attack something.
You feel sick.
You take 1 damage, and have 158/228 hp.
You feel sick. Nikola hits you but does no damage.
You are electrocuted!
You take 17 damage, and have 141/228 hp.
You slice Nikola like a ripe choko!!! You headbutt Nikola.
You feel sick.
You take 1 damage, and have 140/228 hp.
You slash Nikola!
You feel sick.
Nikola casts a spell.
Nikola blinks!
You feel sick.
You take 1 damage, and have 139/228 hp.
You feel a strong urge to attack something.
You are no longer berserk.
You are exhausted.
You feel yourself slow down.
You are feeling very hungry.
You feel sick.
You now have 92/152 hp.
You feel very sick. Nikola hits you but does no damage.
You are electrocuted!
A wolf spider comes into view.
You take 15 damage, and have 77/152 hp.
You slice Nikola!! Your headbutt misses Nikola.
You feel sick.
Nikola casts a spell.
Nikola blinks!
Nikola is caught in a web!
You feel sick.
Arachne the Weaver comes into view.
She is wielding a staff of poison.
Nikola says, "You don't look like a good insulator."
Nikola points at you and mumbles some strange words.
The bolt of lightning hits you!!!
* * * LOW HITPOINT WARNING * * *
Nikola pulls away from the web.
Things that are here:
a +2 lajatang of speed; a +0 robe; a redback corpse You take 40 damage, and have 37/152 hp.
MASSIVE DAMAGE!!
An orb spider comes into view.
You feel sick.
Arachne says, "No one escapes my webs."
The wolf spider barely misses you. The wolf spider closely misses you.
The wolf spider barely misses you. You furiously retaliate!
You headbutt the wolf spider!
The wolf spider bites you but does no damage.
Nikola gestures wildly while chanting.
Nikola blinks!
You are caught in the web!
You feel sick.
Nikola says, "There's a spark of magic in your eyes."
There is a web here.
You struggle to detach yourself from the web.
You feel sick. Arachne hits you but does no damage.
The wolf spider closely misses you. You furiously retaliate!
You headbutt the wolf spider!
The wolf spider bites you but does no damage.
Arachne hits you but does no damage.
You take 1 damage, and have 36/152 hp.
You struggle to detach yourself from the web.
You feel sick. The wolf spider hits you!
* * * LOW HITPOINT WARNING * * *
The wolf spider bites you but does no damage.
Arachne points her staff at you, shooting a stream of webbing.
The stream of webbing hits you but does no damage.
You are even more entangled.
Nikola mumbles some strange words.
Nikola blinks!
The wolf spider closely misses you. You furiously retaliate!
You headbutt the wolf spider! The wolf spider closely misses you.
Arachne hits you but does no damage.
The wolf spider hits you but does no damage.
The wolf spider bites you but does no damage.
You take 11 damage, and have 25/152 hp.
You disentangle yourself.
You feel sick. Arachne hits you but does no damage.
You are more poisoned.
The wolf spider hits you but does no damage.
The wolf spider bites you but does no damage.
Arachne points her staff at you, shooting a stream of webbing.
The stream of webbing misses you. The wolf spider misses you.
The wolf spider closely misses you.
You chop Arachne into pieces!!! You closely miss the wolf spider.
You feel sick. Arachne hits you but does no damage. The wolf spider hits you.
* * * LOW HITPOINT WARNING * * *
The wolf spider completely misses you. Arachne hits you but does no damage.
The wolf spider barely misses you. You furiously retaliate!
You headbutt the wolf spider!
The wolf spider bites you but does no damage.
Nikola mumbles some strange words.
You hear a mighty clap of thunder!
The lightning arc hits the orb spider!!
The lightning arc hits Arachne!!
The lightning arc hits the wolf spider!!
The wolf spider dies!
The lightning arc hits you!!
* * * LOW HITPOINT WARNING * * *
The lightning arc hits Arachne!!
The lightning arc hits you!!
You die...

...............##### ##.####.....
........##.....#...###....^......
......(.####........#......^....#
....##..###.....#...........#..##
#########^#.....#........####..#.
#.........##....#.^.......# #....
##.........#....#.........# ##..^
.#..^......###.###..#.....###...#
.#.>.........###@####.....##<..##
##........#..@†.H..#^..#.####...#
#........####..)...##(#### #.^..
.........# ###†s...#### ##...
.......<####.##......>. #.^..
..####...##...#####<.... ##...
.##..#....#....##.##.....#####..
#>..##.....#......#....##..##..
####..^###..###.....# ...#....#..


You could see Arachne, Nikola and an orb spider.

Vanquished Creatures
  Agnes (Spider:3)
  A frost giant (IceCv)
  A ghost moth (Spider:1)
  2 emperor scorpions
  2 entropy weavers
  Azrael (D:13)
  6 ogre magi
  11 hydras
  The ghost of Chalrif the Fighter, a journeyman BaFi of Okawaru (Orc:1)
  2 centaur warriors
  2 catoblepae (Lair:6)
  6 death yaks
  21 two-headed ogres
  A queen ant (D:8)
  3 unseen horrors
  Pikel (D:8)
  A lindwurm (Lair:6)
  An orc knight (Orc:1)
  An oklob plant (Lair:5)
  23 wolf spiders
  9 orb spiders
  A deep elf mage (D:15)
  4 ugly things
  10 spiny frogs
  4 cyclopes
  A moth of wrath (Spider:1)
  3 manticores
  9 elephants
  7 black mambas
  2 torpor snails
  An ice statue (IceCv)
  Joseph (D:10)
  A rime drake (shapeshifter) (D:15)
  5 rime drakes
  4 kobold demonologists
  12 komodo dragons
  7 demonic crawlers
  2 efreet
  22 jumping spiders
  19 polar bears
  A wolf spider simulacrum (D:15)
  5 trolls
  A hornet (Spider:2)
  5 slime creatures (D:12)
  12 dream sheep
  18 blink frogs
  9 hippogriffs
  A snapping turtle (Lair:3)
  59 redbacks
  2 centaur simulacra (D:15)
  7 spriggans (Lair:2)
  23 tarantellas
  3 wyverns
  6 basilisks
  3 hogs (D:7)
  A human (D:7)
  4 fire elementals (D:13)
  69 yaks
  2 hungry ghosts
  7 vampire mosquitoes
  Edmund (D:4)
  20 soldier ants (D:8)
  Duvessa (D:6)
  4 hell hounds (D:13)
  14 water moccasins
  A black bear (D:12)
  2 sky beasts
  12 orc warriors
  12 porcupines
  An eye of draining (D:14)
  5 ice beasts
  A necrophage (D:6)
  A phantom (D:8)
  4 slaves (D:8)
  30 ogres
  15 wolves
  11 centaurs
  11 crocodiles
  3 big kobolds
  10 bullfrogs
  A wyvern zombie (D:11)
  Dowan (D:6)
  4 scorpions
  3 orc simulacra (Orc:1)
  16 killer bees
  5 electric eels
  15 wights
  6 howler monkeys
  6 crimson imps
  2 quasits
  2 bullfrog zombies
  5 centaur zombies
  4 hounds
  10 orc priests
  2 jellies
  4 centaur skeletons
  15 orc wizards
  A warg simulacrum (Orc:1)
  2 bullfrog skeletons
  3 iguanas
  32 worker ants
  A killer bee zombie (D:8)
  3 hound skeletons
  A mummy (D:4)
  A worker ant zombie (D:10)
  4 gnolls (D:6)
  4 spectral orcs (Orc:1)
  16 adders
  A howler monkey skeleton (D:5)
  4 shadow imps
  A white imp (D:15)
  An ufetubus (D:15)
  An ooze (D:1)
  3 worms
  An adder skeleton (D:4)
  4 dart slugs
  8 leopard geckos
  67 orcs
  2 ball pythons
  3 giant cockroaches
  5 goblins
  6 hobgoblins
  15 jackals
  2 quokkas
  A ball python skeleton (D:6)
  2 bats
  2 frilled lizards (D:2)
  A goblin zombie (D:4)
  A jackal zombie (D:5)
  14 kobolds
  A kobold zombie (D:4)
  2 leopard gecko skeletons
  A quokka zombie (D:6)
  7 rats
  A bush (Lair:5)
  4 fungi
  2 plants (D:14)
941 creatures vanquished.

Vanquished Creatures (collateral kills)
  3 blink frogs (Lair:1)
3 creatures vanquished.

Vanquished Creatures (others)
  A wolf spider (Spider:3)
  10 fungi
  14 plants
  2 withered plants (D:7)
27 creatures vanquished.

Grand Total: 971 creatures vanquished

Notes
Turn   | Place    | Note
-------+----------+-------------------------------------------
     0 | D:1      | Firecrotchwizard the Minotaur Berserker began the quest for
                  | the Orb.
     0 | D:1      | Reached XP level 1. HP: 19/19 MP: 0/0
    20 | D:1      | Reached XP level 2. HP: 20/27 MP: 1/1
   114 | D:1      | Reached skill level 4 in Fighting
   220 | D:1      | Reached skill level 4 in Axes
   295 | D:1      | Reached skill level 3 in Armour
   295 | D:1      | Reached ** piety under Trog
   401 | D:1      | Reached XP level 3. HP: 31/33 MP: 2/2
   676 | D:2      | Noticed Jessica
   811 | D:2      | Reached skill level 3 in Dodging
  1081 | D:2      | Reached XP level 4. HP: 31/41 MP: 3/3
  1239 | D:2      | Noticed an ice beast
  1259 | D:2      | Killed an ice beast
  1259 | D:2      | Reached XP level 5. HP: 46/47 MP: 4/4
  1673 | D:3      | Reached skill level 4 in Armour
  1745 | D:3      | You fall into a shaft and drop 1 floor!
  1871 | D:3      | Reached skill level 5 in Fighting
  1875 | D:3      | Reached skill level 5 in Axes
  2339 | D:3      | Reached XP level 6. HP: 56/56 MP: 5/5
  2390 | D:3      | Found a shimmering altar of Xom.
  2438 | D:3      | Found a shimmering altar of Xom.
  2439 | D:3      | Found a shimmering altar of Xom.
  2439 | D:3      | Found a shimmering altar of Xom.
  2440 | D:3      | Found a shimmering altar of Xom.
  2532 | D:3      | Reached skill level 4 in Dodging
  2855 | D:4      | Reached *** piety under Trog
  3124 | D:4      | Noticed Edmund
  3142 | D:4      | Killed Edmund
  3142 | D:4      | Reached skill level 5 in Armour
  3142 | D:4      | Reached XP level 7. HP: 61/62 MP: 6/6
  3481 | D:4      | Reached skill level 6 in Fighting
  3609 | D:4      | Reached skill level 6 in Axes
  3609 | D:4      | Reached skill level 5 in Dodging
  3754 | D:4      | Noticed a hungry ghost
  3763 | D:4      | Killed a hungry ghost
  3763 | D:4      | Reached skill level 6 in Armour
  3763 | D:4      | Reached XP level 8. HP: 69/71 MP: 7/7
  4087 | D:5      | Entered Level 5 of the Dungeon
  4107 | D:5      | Got a bloodstained battleaxe
  4117 | D:4      | Identified the +9 battleaxe of the Blind Eye {vorpal, MR+
                  | SInv} (You found it on level 5 of the Dungeon)
  4156 | D:5      | Reached skill level 7 in Axes
  4198 | D:5      | Found a staircase to the Ecumenical Temple.
  4220 | D:5      | Reached skill level 7 in Fighting
  4275 | D:5      | Reached **** piety under Trog
  4458 | D:5      | Found a glowing golden altar of the Shining One.
  4530 | D:6      | Noticed Dowan
  4530 | D:6      | Noticed Duvessa
  4537 | D:6      | Killed Duvessa
  4537 | D:6      | Reached skill level 6 in Dodging
  4537 | D:6      | Killed Dowan
  4658 | D:6      | Found a glowing silver altar of Zin.
  4700 | D:6      | Reached skill level 8 in Axes
  4899 | D:6      | Found a burning altar of Makhleb.
  4901 | D:6      | Reached skill level 7 in Armour
  4948 | D:6      | Found Qoril's Assorted Antiques.
  5001 | D:6      | Reached XP level 9. HP: 79/81 MP: 8/8
  5288 | D:7      | Found a stormy altar of Qazlal.
  5291 | D:7      | Found a sacrificial altar of Ru.
  5329 | D:7      | Found a runed translucent door.
  5329 | D:7      | Noticed YayAnonymity's ghost (novice CeHu)
  5949 | D:7      | Reached skill level 8 in Fighting
  5949 | D:7      | Reached skill level 9 in Axes
  5953 | D:7      | Reached skill level 7 in Dodging
  6430 | D:7      | Found a roughly hewn altar of Beogh.
  6491 | D:8      | Noticed a two-headed ogre
  6493 | D:8      | Reached skill level 8 in Armour
  6497 | D:8      | Reached skill level 10 in Axes
  6501 | D:8      | Killed a two-headed ogre
  6501 | D:8      | Reached skill level 9 in Fighting
  6539 | D:8      | Reached XP level 10. HP: 87/91 MP: 9/9
  6585 | D:8      | Reached ***** piety under Trog
  6585 | D:8      | Received a gift from Trog
  6645 | D:8      | Found an ancient bone altar of Kikubaaqudgha.
  6777 | D:8      | Noticed an unseen horror
  6778 | D:8      | Killed an unseen horror
  6778 | D:8      | Reached skill level 11 in Axes
  6778 | D:8      | Reached skill level 8 in Dodging
  6795 | D:8      | Found a basalt altar of Yredelemnul.
  6804 | D:8      | Reached skill level 9 in Armour
  7029 | D:8      | Noticed Pikel
  7041 | D:8      | Killed Pikel
  7330 | D:8      | Found a hazy altar of Hepliaklqana.
  7438 | D:8      | Reached skill level 12 in Axes
  7452 | D:8      | Reached skill level 10 in Fighting
  7470 | D:8      | Reached skill level 9 in Dodging
  7497 | D:8      | Reached XP level 11. HP: 77/99 MP: 10/10
  7607 | D:8      | Noticed a queen ant
  7623 | D:8      | Killed a queen ant
  7641 | D:8      | Received a gift from Trog
  7641 | D:8      | Reached skill level 10 in Armour
  8217 | D:8      | Found a shattered altar of Ashenzari.
  8407 | D:9      | Found a radiant altar of Vehumet.
  8496 | D:9      | Found a hide-covered altar of Uskayaw.
  8499 | D:9      | Noticed a +0 dagger
  8501 | D:9      | Noticed a +0 dagger
  8525 | D:9      | Found a staircase to the Orcish Mines.
  8578 | D:9      | Reached skill level 13 in Axes
  8592 | D:9      | Found Agephi's Distillery.
  8704 | D:9      | Bought a potion of curing for 51 gold pieces
  8960 | D:9      | Found a shimmering blue altar of Sif Muna.
  9121 | D:10     | Entered Level 10 of the Dungeon
  9188 | D:10     | Received a gift from Trog
  9253 | D:10     | Found a staircase to the Lair.
  9307 | D:10     | Noticed an unseen horror
  9313 | D:10     | Killed an unseen horror
  9414 | D:10     | Noticed Joseph
  9428 | D:10     | Killed Joseph
  9428 | D:10     | Reached skill level 11 in Fighting
  9819 | Lair:1   | Entered Level 1 of the Lair of Beasts
  9827 | Lair:1   | Reached skill level 10 in Dodging
 10107 | Lair:1   | Reached skill level 14 in Axes
 10150 | Lair:1   | Reached skill level 11 in Armour
 10243 | Lair:1   | Reached XP level 12. HP: 110/110 MP: 11/11
 10495 | Lair:1   | Identified a scroll of acquirement
 10495 | Lair:1   | Identified the +0 scale mail "Saestrom" {rC+ rCorr Str-5}
                  | (You acquired it on level 1 of the Lair of Beasts)
 10529 | Lair:2   | Noticed Sonja
 10530 | Lair:2   | Noticed Sonja
 10530 | Lair:2   | Sonja changed into Sonja the polar bear
 10537 | Lair:2   | Killed Sonja the polar bear
 10948 | Lair:2   | HP: 28/112 [poisoned by a spiny frog]
 10954 | Lair:2   | HP: 26/112 [poisoned by a spiny frog]
 10959 | Lair:2   | HP: 26/112 [poisoned by a spiny frog]
 10966 | Lair:2   | HP: 26/112 [poisoned by a spiny frog]
 10974 | Lair:2   | HP: 26/112 [poisoned by a spiny frog]
 11300 | Lair:2   | Received a gift from Trog
 11369 | Lair:2   | Found a hole to the Spider Nest.
 11399 | Lair:2   | Reached skill level 15 in Axes
 11602 | Lair:2   | Reached skill level 12 in Fighting
 11829 | Lair:3   | Got a pair of brightly glowing gloves
 11835 | Lair:3   | Identified the +1 pair of gloves of the Ditch-Digger {Str+3
                  | Int+4} (You found it on level 3 of the Lair of Beasts)
 11880 | Lair:3   | Reached skill level 11 in Dodging
 11884 | Lair:3   | Noticed a five-headed hydra
 11890 | Lair:3   | Killed a three-headed hydra
 11911 | Lair:3   | Reached skill level 12 in Armour
 11956 | Lair:3   | Noticed a four-headed hydra
 11965 | Lair:3   | Killed a one-headed hydra
 12034 | Lair:3   | Noticed a five-headed hydra
 12042 | Lair:3   | Killed a one-headed hydra
 12436 | Lair:3   | Reached XP level 13. HP: 82/119 MP: 12/12
 12880 | Lair:3   | Found a staircase to the Shoals.
 13617 | Lair:4   | Reached skill level 16 in Axes
 13686 | Lair:4   | Found a frozen archway.
 13694 | IceCv    | Entered an ice cave
 13747 | IceCv    | Got a twitching granite ring
 13961 | IceCv    | Received a gift from Trog
 13962 | IceCv    | Got a steaming battleaxe {god gift}
 13963 | IceCv    | Identified the +7 battleaxe of Forced Transition {vorpal,
                  | Str+4} (Trog gifted it to you in an ice cave)
 13997 | IceCv    | Identified the ring "Zej Yddujeo" {Wiz rC+} (You found it
                  | in an ice cave)
 14018 | IceCv    | Reached skill level 13 in Fighting
 14131 | IceCv    | Noticed a frost giant
 14148 | IceCv    | Killed a frost giant
 14148 | IceCv    | Reached skill level 12 in Dodging
 14159 | IceCv    | Reached skill level 13 in Armour
 15145 | Lair:5   | Reached skill level 17 in Axes
 15642 | Lair:5   | Reached XP level 14. HP: 113/129 MP: 13/13
 16402 | Lair:5   | Found a staircase to the Slime Pits.
 16674 | Lair:6   | Entered Level 6 of the Lair of Beasts
 17025 | Lair:6   | Received a gift from Trog
 17794 | Lair:6   | Reached skill level 14 in Fighting
 17955 | Lair:6   | Reached skill level 18 in Axes
 17978 | Lair:6   | Reached skill level 13 in Dodging
 17987 | Lair:6   | Reached skill level 14 in Armour
 19050 | D:11     | Found an opulent altar of Gozag.
 19114 | D:11     | Received a gift from Trog
 20036 | D:12     | Found a portal to a secret trove of treasure.
 20648 | D:13     | Found a blossoming altar of Fedhas.
 20688 | D:13     | Found Iredghawn's Book Shoppe.
 20691 | D:13     | Bought a manual of Axes for 1656 gold pieces
 20746 | D:13     | Noticed Zypret's ghost (journeyman DrFi)
 20759 | D:13     | Found a one-way gate to the infinite horrors of the Abyss.
 20762 | D:13     | Reached XP level 15. HP: 139/139 MP: 14/14
 20945 | D:13     | Received a gift from Trog
 21067 | D:13     | Identified the +9 scimitar of the Brain {distort, rF+
                  | Stlth+}
 21067 | D:13     | Identified a ring of the Octopus King {rF+ AC+1 EV+1 Str+1
                  | Int+1 Dex+1}
 21098 | D:13     | Found a transporter.
 21112 | D:13     | Found a transporter.
 21211 | D:13     | Found Qusemuh's Book Emporium.
 21309 | D:13     | Noticed Azrael
 21312 | D:13     | Reached skill level 19 in Axes
 21325 | D:13     | Found Ukenuv's Jewellery Shoppe.
 21330 | D:13     | Killed Azrael
 21481 | D:13     | Found Bepteon's Jewellery Emporium.
 21796 | D:14     | Found a gate to the Vaults.
 21912 | D:14     | Received a gift from Trog
 22040 | D:14     | Found a shimmering altar of Xom.
 22197 | D:15     | Entered Level 15 of the Dungeon
 22282 | D:15     | Reached skill level 15 in Fighting
 22286 | D:15     | Reached skill level 20 in Axes
 22301 | D:15     | Paralysed by an ogre mage for 3 turns
 22303 | D:15     | HP: 35/141 [two-headed ogre/+0 giant spiked club (7)]
 22307 | D:15     | HP: 13/211 [two-headed ogre/+0 giant spiked club (23)]
 22313 | D:15     | HP: 10/211 [poisoned by a green ugly thing]
 22560 | Orc:1    | Entered Level 1 of the Orcish Mines
 22674 | Orc:1    | Found a runed translucent gate.
 22674 | Orc:1    | Found a runed translucent gate.
 22675 | Orc:1    | Found a runed translucent gate.
 22708 | Orc:1    | Noticed Chalrif's ghost (journeyman BaFi)
 22941 | Orc:1    | Killed Chalrif's ghost
 22989 | Orc:2    | Entered Level 2 of the Orcish Mines
 23017 | Orc:2    | Received a gift from Trog
 23108 | Orc:2    | Found Obu Ugg's Gadget Shop.
 23127 | Orc:2    | Bought a wand of acid (11) for 480 gold pieces
 23232 | Orc:2    | Reached skill level 15 in Armour
 23237 | Orc:2    | Reached skill level 14 in Dodging
 23251 | Orc:2    | Found Adashrolo's Assorted Antiques.
 23251 | Orc:2    | Found Ceusagor's Armour Shoppe.
 23253 | Orc:2    | Reached skill level 21 in Axes
 23323 | Orc:2    | Found Odammyj's General Store.
 23323 | Orc:2    | Found Keil's General Store.
 23486 | Orc:2    | Bought a scroll of blinking for 82 gold pieces
 23541 | Orc:2    | Found a staircase to the Elven Halls.
 23744 | Orc:2    | Received a gift from Trog
 24068 | Spider:1 | Entered Level 1 of the Spider Nest
 24214 | D:13     | Bought an uncursed ring of poison resistance for 320 gold
                  | pieces
 24499 | Spider:1 | Reached XP level 16. HP: 129/149 MP: 15/15
 24934 | Spider:1 | Reached skill level 22 in Axes
 25241 | Spider:1 | Received a gift from Trog
 25472 | Spider:2 | Paralysed by a hornet for 2 turns
 25487 | Spider:2 | Reached skill level 16 in Fighting
 25744 | Spider:2 | Reached skill level 16 in Armour
 25752 | Spider:2 | Received a gift from Trog
 25975 | Spider:2 | Reached skill level 15 in Dodging
 26530 | Spider:3 | Noticed Nikola
 26531 | Spider:3 | Noticed Agnes
 26540 | Spider:3 | Killed Agnes
 26552 | Spider:3 | Noticed Arachne
 26552 | Spider:3 | HP: 37/152 [Nikola/bolt of lightning (39)]
 26557 | Spider:3 | HP: 25/152 [poisoned by a redback]
 26558 | Spider:3 | HP: 1/152 [Nikola/chain lightning (18)]
 26558 | Spider:3 | Killed from afar by Nikola

Levels and vault maps discovered:
D:1:      dpeg_arrival_orchard, layout_rooms
D:2:      layout_basic, kennysheep_cluttered_room, kennysheep_generic_room_10,
          uniq_jessica
D:3:      wad_river_or_something, layout_basic, xom_redecorated, serial_curves,
          eino_curves_01, eino_curves_04
D:4:      layout_basic, first_ration, nicolae_ossuary_entry_giza,
          portal_sewer_entry_d, minmay_puff, uniq_edmund
D:5:      layout_rooms, tso_oasis_becter, minmay_temple_entry_statues
D:6:      layout_rooms, nicolae_overflow_hidden_temple,
          makhleb_blood_cavern_becter, kennysheep_small_circle, uniq_duvessa
D:7:      cheibrodos_quashed, layout_layer_cave, grunt_temple_overflow_open,
          gammafunk_ghost_grave, grunt_livestock, david_defended_altar_orc
D:8:      layout_loops_cross, kiku_gazebo_pond_becter, ashenzari_altar_1,
          old_standard_altar, kennysheep_mini_moat, nrook_uturn, minivault_29,
          uniq_pikel
D:9:      layout_big_octagon, vehumet_statue, lemuel_coloured_pillars_altar,
          dancing_weapons_uskayaw, orc_david_3, serial_shops,
          nicolae_shop_temple_entry_statues_fountains, minivault_19
D:10:     layout_roguey, lair_entry_dummy, uniq_joseph
D:11:     layout_roguey, nicolae_gozag_seed_capital
D:12:     layout_stronghold, enter_trove_3
D:13:     layout_roguey, gammafunk_ghost_abyssal_escape, serial_shops, shop,
          shop, shop, kennysheep_mini, fedhas_altar_fruit_tree, uniq_azrael
D:14:     layout_rooms, david_vaults_2, lemuel_doored_altar, kennysheep_boxes
D:15:     grunt_enter_depths_magical_seal, layout_basic, serial_ice,
          serial_ice_o, serial_ice_f, serial_ice_b, serial_ice_j, serial_ice_e,
          serial_ice_n, grunt_dithmenos_smoke_and_mirrors, lightli_minifort
Lair:1:   layout_concentric_octagons, beast_lair_carwin_3
Lair:2:   kb_forest_paths, layout_long_grid, spider_nest_entry_webs, uniq_sonja
Lair:3:   layout_gridlike, minmay_shoals_entry_hut
Lair:4:   statuecave_lemuel, layout_regular_city,
          portal_ice_cave_entry_pillars_1, grunt_megastairs_3,
          infiniplex_staircase_pool_2, lemuel_fruit_fields
Lair:5:   layout_regular_city, slime_dummy, minmay_lair_oklob_items,
          grunt_megastairs_4
Lair:6:   hangedman_lair_in_review, layout_cave_pods, infiniplex_staircase_pool,
          lemuel_fruit_fields
Spider:1: layout_spider_delve
Spider:2: layout_spider_delve
Spider:3: layout_spider_delve, uniq_nikola, uniq_agnes, uniq_arachne
Orc:1:    layout_caves, gammafunk_ghost_necromancy
Orc:2:    st_orc_ogre_mass, layout_diamond_mine, serial_shops, shop_statue,
          nicolae_orc_bridge_out

Skill      XL: |  1  2  3  4  5  6  7  8  9 10 11 12 13 14 15 16 |
---------------+-------------------------------------------------+-----
Fighting       | 4 5 6 7 9 10 11 12 13 14 15 16 | 16.3
Axes           | 4 5 6 8 10 12 14 15 17 18 21 22 | 22.8
Armour         | 3 4 5 6 7 8 9 11 12 13 14 15 16 | 16.2
Dodging        | 3 4 5 6 7 9 10 11 12 13 14 15 | 15.1

Action                   |  1- 3 |  4- 6 |  7- 9 | 10-12 | 13-15 | 16-18 || total
-------------------------+-------+-------+-------+-------+-------+-------++-------
Melee: Hand axe          |    69 |   111 |    89 |       |       |       ||   269
       Headbutt          |    17 |    12 |    26 |    86 |   162 |    55 ||   358
       Battleaxe         |       |       |   100 |   253 |   736 |       ||  1089
       Broad axe         |       |       |       |   229 |       |       ||   229
       Executioner's axe |       |       |       |       |    21 |   236 ||   257
Invok: Berserk           |       |     3 |     1 |       |     5 |     2 ||    11
       Trog's Hand       |       |       |       |       |     2 |       ||     2
Evoke: Wand              |       |       |       |     2 |       |     3 ||     5
  Use: Scroll            |       |       |     7 |    20 |    13 |     1 ||    41
       Potion            |       |       |       |       |     1 |     4 ||     5
 Stab: Petrified         |       |       |       |       |     1 |       ||     1
  Eat: Chunk             |     1 |     8 |    14 |    21 |    41 |     4 ||    89
       Ration            |       |       |       |       |     1 |     1 ||     2
Armor: Animal skin       |     6 |       |       |       |       |       ||     6
       Ring mail         |     2 |    10 |       |       |       |       ||    12
       Chain mail        |       |    30 |   115 |   111 |       |       ||   256
       Plate armour      |       |       |       |   129 |   408 |   255 ||   792
Dodge: Dodged            |    31 |    43 |   121 |   243 |   610 |   278 ||  1326

Table legend:
 A = Non-vault XP
 B = Vault XP
 C = Vault XP percentage of total XP
 D = Non-vault monster count
 E = Vault monster count
 F = Vault count percentage of total count
                 A         B        C        D         E       F
            +---------+---------+-------+---------+---------+-------
      Total |  143453 |   63191 |  30.6 |     693 |     241 |  25.8
            +---------+---------+-------+---------+---------+-------
        D:1 |      46 |       0 |   0.0 |      22 |       0 |   0.0
        D:2 |     189 |       1 |   0.5 |      15 |       1 |   6.2
        D:3 |     118 |      56 |  32.2 |      10 |       9 |  47.4
        D:4 |     868 |     204 |  19.0 |      23 |       7 |  23.3
        D:5 |     442 |       0 |   0.0 |      17 |       0 |   0.0
        D:6 |     593 |     375 |  38.7 |      19 |       5 |  20.8
        D:7 |     334 |    1101 |  76.7 |       8 |       8 |  50.0
        D:8 |    4617 |    5466 |  54.2 |      35 |      44 |  55.7
        D:9 |    1458 |     145 |   9.0 |      16 |       5 |  23.8
       D:10 |    2148 |     430 |  16.7 |      33 |       1 |   2.9
       D:11 |    3938 |       0 |   0.0 |      33 |       0 |   0.0
       D:12 |    4131 |       0 |   0.0 |      32 |       0 |   0.0
       D:13 |    7962 |    2540 |  24.2 |      48 |       9 |  15.8
       D:14 |    6785 |    2888 |  29.9 |      22 |       3 |  12.0
       D:15 |    7423 |    1423 |  16.1 |      14 |       8 |  36.4
     Lair:1 |    2990 |     517 |  14.7 |      17 |       4 |  19.0
     Lair:2 |    4614 |    3933 |  46.0 |      16 |      17 |  51.5
     Lair:3 |    7654 |     244 |   3.1 |      24 |       1 |   4.0
     Lair:4 |    3841 |     399 |   9.4 |       9 |       2 |  18.2
     Lair:5 |   11804 |     725 |   5.8 |      32 |       2 |   5.9
     Lair:6 |   13819 |    8149 |  37.1 |      47 |      18 |  27.7
   Spider:1 |   22946 |       0 |   0.0 |      58 |       0 |   0.0
   Spider:2 |   25892 |       0 |   0.0 |      78 |       0 |   0.0
   Spider:3 |    5796 |    1097 |  15.9 |      17 |       1 |   5.6
      Orc:1 |    1561 |    1444 |  48.1 |      10 |       9 |  47.4
      Orc:2 |    1484 |   18240 |  92.5 |      38 |      40 |  51.3
      IceCv |       0 |   13814 | 100.0 |       0 |      47 | 100.0
            +---------+---------+-------+---------+---------+-------

Levels and vault maps discovered:
D:1:      dpeg_arrival_orchard, layout_rooms
D:2:      layout_basic, kennysheep_cluttered_room, kennysheep_generic_room_10,
          uniq_jessica
D:3:      wad_river_or_something, layout_basic, xom_redecorated, serial_curves,
          eino_curves_01, eino_curves_04
D:4:      layout_basic, first_ration, nicolae_ossuary_entry_giza,
          portal_sewer_entry_d, minmay_puff, uniq_edmund
D:5:      layout_rooms, tso_oasis_becter, minmay_temple_entry_statues
D:6:      layout_rooms, nicolae_overflow_hidden_temple,
          makhleb_blood_cavern_becter, kennysheep_small_circle, uniq_duvessa
D:7:      cheibrodos_quashed, layout_layer_cave, grunt_temple_overflow_open,
          gammafunk_ghost_grave, grunt_livestock, david_defended_altar_orc
D:8:      layout_loops_cross, kiku_gazebo_pond_becter, ashenzari_altar_1,
          old_standard_altar, kennysheep_mini_moat, nrook_uturn, minivault_29,
          uniq_pikel
D:9:      layout_big_octagon, vehumet_statue, lemuel_coloured_pillars_altar,
          dancing_weapons_uskayaw, orc_david_3, serial_shops,
          nicolae_shop_temple_entry_statues_fountains, minivault_19
D:10:     layout_roguey, lair_entry_dummy, uniq_joseph
D:11:     layout_roguey, nicolae_gozag_seed_capital
D:12:     layout_stronghold, enter_trove_3
D:13:     layout_roguey, gammafunk_ghost_abyssal_escape, serial_shops, shop,
          shop, shop, kennysheep_mini, fedhas_altar_fruit_tree, uniq_azrael
D:14:     layout_rooms, david_vaults_2, lemuel_doored_altar, kennysheep_boxes
D:15:     grunt_enter_depths_magical_seal, layout_basic, serial_ice,
          serial_ice_o, serial_ice_f, serial_ice_b, serial_ice_j, serial_ice_e,
          serial_ice_n, grunt_dithmenos_smoke_and_mirrors, lightli_minifort
Lair:1:   layout_concentric_octagons, beast_lair_carwin_3
Lair:2:   kb_forest_paths, layout_long_grid, spider_nest_entry_webs, uniq_sonja
Lair:3:   layout_gridlike, minmay_shoals_entry_hut
Lair:4:   statuecave_lemuel, layout_regular_city,
          portal_ice_cave_entry_pillars_1, grunt_megastairs_3,
          infiniplex_staircase_pool_2, lemuel_fruit_fields
Lair:5:   layout_regular_city, slime_dummy, minmay_lair_oklob_items,
          grunt_megastairs_4
Lair:6:   hangedman_lair_in_review, layout_cave_pods, infiniplex_staircase_pool,
          lemuel_fruit_fields
Spider:1: layout_spider_delve
Spider:2: layout_spider_delve
Spider:3: layout_spider_delve, uniq_nikola, uniq_agnes, uniq_arachne
Orc:1:    layout_caves, gammafunk_ghost_necromancy
Orc:2:    st_orc_ogre_mass, layout_diamond_mine, serial_shops, shop_statue,
          nicolae_orc_bridge_out

Table legend:
 A = Turns spent in this place as a percentage of turns spent in the entire game.
 B = Non-inter-level travel turns spent in this place as a percentage of non-inter-level travel turns spent in the entire game.
 C = Inter-level travel turns spent in this place as a percentage of turns spent in this place.
 D = Turns resting spent in this place as a percentage of non-inter-level travel turns spent in this place.
 E = Turns spent auto-exploring this place as a percentage of non-inter-level travel turns spent in this place.
 F = Non-inter-level travel turns spent in this place divided by the number of levels of this place that you've seen.
                   A       B       C       D       E      F
               +-------+-------+-------+-------+-------+----------------------
         Total | 100.0 | 100.0 |   5.0 |  27.7 |  55.3 | 934.8
       Dungeon |  52.2 |  51.7 |   5.9 |  21.6 |  61.1 | 870.5
          Lair |  30.7 |  30.9 |   4.3 |  38.7 |  48.1 | 1300.8
   Spider Nest |   8.3 |   8.5 |   3.0 |  26.2 |  50.1 | 712.3
  Orcish Mines |   5.5 |   5.4 |   6.0 |  14.6 |  69.5 | 683.5
      Ice Cave |   3.3 |   3.5 |   0.0 |  44.7 |  24.3 | 874.0
               +-------+-------+-------+-------+-------+----------------------

Table legend:
 A = Kills in this place as a percentage of kills in entire the game.
 B = Kills by you in this place as a percentage of kills by you in the entire game.
 C = Kills by friends in this place as a percentage of kills by friends in the entire game.
 D = Other kills in this place as a percentage of other kills in the entire game.
 E = Experience gained in this place as a percentage of experience gained in the entire game.
 F = Experience gained in this place divided by the number of levels of this place that you have seen.
                   A       B       C       D       E      F
               +-------+-------+-------+-------+-------+----------------------
         Total | 100.0 | 100.0 | 100.0 | 100.0 | 100.0 | 7653.5
       Dungeon |  47.9 |  48.1 |   0.0 |   0.0 |  26.9 | 3712.1
          Lair |  20.2 |  20.0 | 100.0 |   0.0 |  28.4 | 9781.5
   Spider Nest |  16.5 |  16.5 |   0.0 | 100.0 |  27.0 | 18577.0
  Orcish Mines |  10.4 |  10.4 |   0.0 |   0.0 |  11.0 | 11364.5
      Ice Cave |   5.0 |   5.1 |   0.0 |   0.0 |   6.7 | 13814.0
               +-------+-------+-------+-------+-------+----------------------
